[ AOE2 MATCH · #495925226 ]
UnrankedJurchens vs Vietnamese
Player's team · LOSS
[ REPLAY ANALYSIS · EXTRACTED FROM THE RECORDED GAME ]
Feudal
9:43
Castle
21:14
Imperial
—
| APM avg | 62.0 |
| APM peak | 97 |
| eAPM avg | 30.7 |
| Villagers / military | 121 / 56 |
Focus
⚔️ 29.7% · 🌾 70.3%
Skirmisher ×34 · Steppe Lancer ×15 · Iron Pagoda ×4 · Unknown (1911) ×4 · Scout Cavalry ×3
Feudal
9:16
Castle
21:38
Imperial
37:21
| APM avg | 84.7 |
| APM peak | 135 |
| eAPM avg | 34.8 |
| Villagers / military | 168 / 74 |
Focus
⚔️ 26.4% · 🌾 73.6%
Archer ×25 · Fire Lancer ×24 · Mangonel ×7 · Scout Cavalry ×6 · Monk ×4 · Militia ×4
Match map
Initial resources + every placement click. Lines = walls · curves = elevation contours. ◆ gold · ⬟ stone · ● berries · ✦ relic · ◌ wall gap
Your base· ✓ Closed at 21:14 · 54t walls · no gate
jsemosoom's base· Open — opponent sealed themselves in
Smoothed initial terrain · ◌ = detected wall gap · hover for details
Inputs per minute
— HR FabiaN - - jsemosoom
Build order — HR FabiaN
First 150 of 339 actions detected
| 0:00 | Queue | Villager (Male) |
| 0:01 | Queue | Villager (Male) |
| 0:01 | Queue | Villager (Male) |
| 0:02 | Build | House |
| 0:04 | Build | House |
| 0:13 | Queue | Villager (Male) |
| 0:13 | Queue | Villager (Male) |
| 1:22 | Queue | Villager (Male) |
| 1:35 | Queue | Villager (Male) |
| 1:35 | Queue | Villager (Male) |
| 1:50 | Build | Lumber Camp |
| 2:26 | Queue | Villager (Male) |
| 2:33 | Queue | Villager (Male) |
| 2:33 | Queue | Villager (Male) |
| 3:17 | Queue | Villager (Male) |
| 3:17 | Queue | Villager (Male) |
| 3:41 | Queue | Villager (Male) |
| 3:42 | Queue | Villager (Male) |
| 3:57 | Build | House |
| 4:12 | Queue | Villager (Male) |
| 4:31 | Queue | Villager (Male) |
| 4:33 | Queue | Villager (Male) |
| 4:33 | Queue | Villager (Male) |
| 4:33 | Queue | Villager (Male) |
| 4:50 | Queue | Villager (Male) |
| 4:51 | Queue | Villager (Male) |
| 5:07 | Build | House |
| 5:14 | Queue | Villager (Male) |
| 5:14 | Queue | Villager (Male) |
| 5:14 | Queue | Villager (Male) |
| 5:41 | Build | Palisade Wall |
| 5:43 | Queue | Villager (Male) |
| 5:43 | Queue | Villager (Male) |
| 6:11 | Build | Palisade Wall |
| 6:34 | Research | Loom |
| 6:34 | Research | Loom |
| 6:34 | Research | Loom |
| 6:47 | Build | Mill |
| 7:08 | Queue | Villager (Male) |
| 7:12 | Build | Palisade Wall |
| 7:26 | Build | Palisade Wall |
| 7:29 | Research | Feudal Age |
| 8:04 | Build | Lumber Camp |
| 8:54 | Build | Palisade Wall |
| 8:57 | Build | Palisade Wall |
| 9:20 | Build | Barracks |
| 9:30 | Queue | Villager (Male) |
| 9:43 | Age | Feudal Age |
| 10:02 | Queue | Villager (Male) |
| 10:09 | Build | Stable |
| 10:14 | Research | Double-Bit Axe |
| 10:14 | Research | Double-Bit Axe |
| 10:19 | Build | House |
| 10:30 | Queue | Villager (Male) |
| 10:35 | Build | House |
| 10:46 | Build | House |
| 10:51 | Queue | Villager (Male) |
| 10:54 | Queue | Scout Cavalry |
| 10:54 | Queue | Scout Cavalry |
| 10:57 | Queue | Villager (Male) |
| 10:59 | Build | House |
| 11:09 | Build | Farm |
| 11:11 | Build | Farm |
| 11:29 | Queue | Villager (Male) |
| 11:30 | Build | Farm |
| 11:31 | Build | Farm |
| 11:38 | Build | House |
| 11:41 | Queue | Villager (Male) |
| 11:42 | Build | Farm |
| 11:48 | Queue | Scout Cavalry |
| 11:55 | Queue | Villager (Male) |
| 11:55 | Queue | Villager (Male) |
| 11:57 | Build | Farm |
| 11:58 | Build | Farm |
| 12:25 | Build | House |
| 12:29 | Queue | Villager (Male) |
| 12:35 | Build | Archery Range |
| 12:49 | Queue | Villager (Male) |
| 12:49 | Queue | Villager (Male) |
| 12:52 | Build | House |
| 13:15 | Queue | Villager (Male) |
| 13:20 | Build | House |
| 13:21 | Queue | Skirmisher |
| 13:22 | Queue | Skirmisher |
| 13:23 | Build | Farm |
| 13:32 | Build | Farm |
| 13:33 | Build | Farm |
| 13:34 | Build | Farm |
| 13:40 | Build | House |
| 13:42 | Queue | Villager (Male) |
| 13:45 | Queue | Skirmisher |
| 13:46 | Queue | Skirmisher |
| 13:55 | Build | Farm |
| 13:58 | Queue | Villager (Male) |
| 13:58 | Queue | Villager (Male) |
| 14:00 | Build | Palisade Wall |
| 14:07 | Queue | Skirmisher |
| 14:10 | Build | Palisade Wall |
| 14:13 | Build | Palisade Wall |
| 14:22 | Build | Farm |
| 14:24 | Queue | Villager (Male) |
| 14:35 | Build | Palisade Wall |
| 14:37 | Queue | Skirmisher |
| 14:39 | Queue | Skirmisher |
| 14:54 | Queue | Villager (Male) |
| 15:08 | Queue | Villager (Male) |
| 15:08 | Queue | Skirmisher |
| 15:27 | Build | Farm |
| 15:32 | Build | House |
| 15:39 | Queue | Skirmisher |
| 15:56 | Queue | Villager (Male) |
| 15:58 | Build | Mining Camp |
| 16:14 | Queue | Villager (Male) |
| 16:17 | Build | House |
| 16:20 | Queue | Villager (Male) |
| 16:23 | Build | Farm |
| 16:32 | Queue | Villager (Male) |
| 16:34 | Build | Farm |
| 16:40 | Build | Farm |
| 16:55 | Queue | Villager (Male) |
| 17:21 | Build | Market |
| 18:01 | Queue | Villager (Male) |
| 18:07 | Build | House |
| 18:08 | Build | House |
| 18:09 | Build | House |
| 18:34 | Research | Castle Age |
| 18:34 | Research | Castle Age |
| 18:38 | Queue | Skirmisher |
| 18:43 | Build | Blacksmith |
| 18:57 | Queue | Skirmisher |
| 19:14 | Queue | Skirmisher |
| 19:29 | Research | Fletching |
| 19:30 | Research | Fletching |
| 19:31 | Queue | Skirmisher |
| 20:00 | Queue | Skirmisher |
| 20:04 | Queue | Skirmisher |
| 20:08 | Research | Padded Archer Armor |
| 20:08 | Research | Padded Archer Armor |
| 20:20 | Queue | Skirmisher |
| 20:22 | Build | Farm |
| 20:24 | Queue | Skirmisher |
| 20:28 | Build | Farm |
| 20:29 | Build | Farm |
| 20:32 | Queue | Skirmisher |
| 20:49 | Build | Watch Tower |
| 20:54 | Queue | Skirmisher |
| 20:54 | Build | Farm |
| 20:57 | Build | Stable |
| 21:05 | Build | House |
| 21:08 | Build | House |
Build order — jsemosoom
First 150 of 451 actions detected
| 0:00 | Queue | Villager (Male) |
| 0:01 | Queue | Villager (Male) |
| 0:01 | Queue | Villager (Male) |
| 0:02 | Build | House |
| 0:03 | Build | House |
| 0:20 | Queue | Villager (Male) |
| 0:20 | Queue | Villager (Male) |
| 1:23 | Queue | Villager (Male) |
| 1:23 | Queue | Villager (Male) |
| 1:30 | Build | Lumber Camp |
| 1:51 | Queue | Villager (Male) |
| 1:51 | Queue | Villager (Male) |
| 2:22 | Queue | Villager (Male) |
| 2:25 | Queue | Villager (Male) |
| 2:25 | Queue | Villager (Male) |
| 3:00 | Queue | Villager (Male) |
| 3:33 | Queue | Villager (Male) |
| 3:50 | Build | House |
| 4:01 | Queue | Villager (Male) |
| 4:02 | Queue | Villager (Male) |
| 4:30 | Queue | Villager (Male) |
| 4:30 | Queue | Villager (Male) |
| 4:30 | Queue | Villager (Male) |
| 5:05 | Queue | Villager (Male) |
| 5:05 | Queue | Villager (Male) |
| 5:14 | Build | House |
| 5:16 | Queue | Villager (Male) |
| 5:30 | Build | Barracks |
| 6:05 | Queue | Villager (Male) |
| 6:19 | Build | Mill |
| 6:24 | Build | Mill |
| 6:38 | Research | Loom |
| 6:57 | Research | Feudal Age |
| 7:12 | Queue | Militia |
| 7:32 | Build | Mining Camp |
| 7:36 | Queue | Militia |
| 8:10 | Queue | Militia |
| 8:11 | Queue | Militia |
| 8:15 | Queue | Villager (Male) |
| 8:50 | Build | House |
| 9:16 | Age | Feudal Age |
| 9:18 | Build | Archery Range |
| 9:22 | Research | Man-at-Arms (upgrade) |
| 9:23 | Research | Man-at-Arms (upgrade) |
| 9:24 | Research | Double-Bit Axe |
| 9:25 | Research | Double-Bit Axe |
| 9:40 | Queue | Villager (Male) |
| 9:56 | Queue | Villager (Male) |
| 10:06 | Queue | Archer |
| 10:17 | Build | House |
| 10:18 | Build | House |
| 10:19 | Build | House |
| 10:23 | Queue | Villager (Male) |
| 10:37 | Queue | Spearman |
| 10:40 | Build | Farm |
| 10:42 | Build | Farm |
| 10:47 | Queue | Archer |
| 10:54 | Queue | Villager (Male) |
| 10:56 | Build | Farm |
| 11:05 | Queue | Archer |
| 11:06 | Queue | Archer |
| 11:11 | Research | Horse Collar |
| 11:18 | Queue | Villager (Male) |
| 11:18 | Queue | Villager (Male) |
| 11:24 | Build | Farm |
| 11:36 | Queue | Villager (Male) |
| 11:37 | Queue | Villager (Male) |
| 12:01 | Queue | Archer |
| 12:11 | Queue | Villager (Male) |
| 12:14 | Queue | Villager (Male) |
| 12:15 | Queue | Archer |
| 12:27 | Queue | Archer |
| 12:32 | Queue | Villager (Male) |
| 12:38 | Build | Blacksmith |
| 12:53 | Build | Palisade Wall |
| 12:54 | Build | Palisade Wall |
| 13:03 | Queue | Villager (Male) |
| 13:11 | Build | House |
| 13:20 | Build | Palisade Wall |
| 13:29 | Build | House |
| 13:30 | Build | Palisade Wall |
| 13:35 | Build | Farm |
| 13:36 | Build | Farm |
| 13:37 | Build | Farm |
| 13:38 | Build | Farm |
| 13:40 | Research | Fletching |
| 13:40 | Research | Fletching |
| 14:02 | Queue | Villager (Male) |
| 14:02 | Queue | Villager (Male) |
| 14:09 | Build | House |
| 14:13 | Build | Farm |
| 14:14 | Build | Farm |
| 14:19 | Queue | Archer |
| 14:23 | Queue | Villager (Male) |
| 14:23 | Queue | Villager (Male) |
| 14:32 | Build | Farm |
| 14:33 | Queue | Archer |
| 14:37 | Build | Palisade Wall |
| 14:39 | Queue | Villager (Male) |
| 14:51 | Build | Palisade Wall |
| 14:53 | Queue | Archer |
| 15:06 | Queue | Villager (Male) |
| 15:18 | Queue | Archer |
| 15:32 | Queue | Villager (Male) |
| 15:53 | Queue | Archer |
| 16:00 | Queue | Villager (Male) |
| 16:11 | Queue | Archer |
| 16:23 | Queue | Archer |
| 16:26 | Queue | Villager (Male) |
| 16:35 | Build | Stable |
| 16:40 | Build | House |
| 16:40 | Build | House |
| 16:47 | Research | Wheelbarrow |
| 16:58 | Queue | Archer |
| 17:10 | Queue | Villager (Male) |
| 17:13 | Build | House |
| 17:13 | Build | House |
| 17:23 | Build | Farm |
| 17:25 | Build | Farm |
| 17:30 | Build | Palisade Gate |
| 17:33 | Build | Palisade Wall |
| 17:38 | Queue | Archer |
| 17:46 | Queue | Villager (Male) |
| 17:56 | Build | Lumber Camp |
| 18:08 | Queue | Archer |
| 18:14 | Build | Farm |
| 18:15 | Queue | Villager (Male) |
| 18:27 | Queue | Archer |
| 18:58 | Research | Castle Age |
| 18:58 | Research | Castle Age |
| 18:59 | Queue | Archer |
| 19:10 | Build | Lumber Camp |
| 19:11 | Queue | Archer |
| 19:35 | Research | Padded Archer Armor |
| 19:36 | Queue | Scout Cavalry |
| 19:41 | Queue | Archer |
| 20:03 | Queue | Archer |
| 20:21 | Queue | Villager (Male) |
| 20:24 | Queue | Archer |
| 20:42 | Queue | Archer |
| 20:48 | Queue | Archer |
| 20:59 | Queue | Villager (Male) |
| 21:02 | Research | Gold Mining |
| 21:03 | Research | Gold Mining |
| 21:38 | Age | Castle Age |
| 21:41 | Research | Crossbowman (upgrade) |
| 21:43 | Research | Bodkin Arrow |
| 21:48 | Queue | Villager (Male) |
| 22:00 | Build | Siege Workshop |
| 22:07 | Queue | Villager (Male) |
Match timeline
| 5:30 | jsemosoom · first_building Barracks |
| 5:41 | HR FabiaN · wall_segment Palisade Wall x18 |
| 6:11 | HR FabiaN · wall_segment Palisade Wall x6 |
| 7:12 | HR FabiaN · wall_segment Palisade Wall x16 |
| 7:26 | HR FabiaN · wall_segment Palisade Wall x10 |
| 8:54 | HR FabiaN · wall_segment Palisade Wall x1 |
| 8:57 | HR FabiaN · wall_segment Palisade Wall x1 |
| 9:16 | jsemosoom · age_up feudal |
| 9:18 | jsemosoom · first_building Archery Range |
| 9:20 | HR FabiaN · first_building Barracks |
| 9:43 | HR FabiaN · age_up feudal |
| 10:09 | HR FabiaN · first_building Stable |
| 12:35 | HR FabiaN · first_building Archery Range |
| 12:53 | jsemosoom · wall_segment Palisade Wall x1 |
| 12:54 | jsemosoom · wall_segment Palisade Wall x1 |
| 13:20 | jsemosoom · wall_segment Palisade Wall x3 |
| 13:30 | jsemosoom · wall_segment Palisade Wall x8 |
| 14:00 | HR FabiaN · wall_segment Palisade Wall x1 |
| 14:10 | HR FabiaN · wall_segment Palisade Wall x1 |
| 14:13 | HR FabiaN · wall_segment Palisade Wall x1 |
| 14:35 | HR FabiaN · wall_segment Palisade Wall x1 |
| 14:37 | jsemosoom · wall_segment Palisade Wall x4 |
| 14:51 | jsemosoom · wall_segment Palisade Wall x1 |
| 16:35 | jsemosoom · first_building Stable |
| 17:33 | jsemosoom · wall_segment Palisade Wall x1 |
| 18:30 | HR FabiaN · first_market_sell 100 wood |
| 18:31 | HR FabiaN · first_market_buy 100 food |
| 21:14 | HR FabiaN · age_up castle |
| 21:38 | jsemosoom · age_up castle |
| 22:00 | jsemosoom · first_building Siege Workshop |
| 24:27 | HR FabiaN · first_building Siege Workshop |
| 24:39 | HR FabiaN · wall_segment Palisade Wall x1 |
| 28:49 | jsemosoom · first_building Monastery |
| 31:01 | jsemosoom · first_building Castle |
| 32:22 | HR FabiaN · wall_segment Palisade Wall x1 |
| 32:32 | HR FabiaN · wall_segment Palisade Wall x1 |
| 34:08 | HR FabiaN · first_building Castle |
| 34:10 | jsemosoom · first_market_sell 100 wood |
| 35:16 | jsemosoom · wall_segment Stone Wall x1 |
| 37:21 | jsemosoom · age_up imperial |
| 37:48 | jsemosoom · first_market_buy 100 stone |
| 37:54 | HR FabiaN · resign |
[ AI ANALYSIS · 1 CREDIT ]
What really happened in this match?
Wolo.gg analyzes every decision: build order, eco, micro, common mistakes by bracket. Personalized analysis on WhatsApp or Discord in 30 seconds.
Civ guide
Jurchens
Perfil
Jugador #211236